 Dungeon Crawl Stone Soup version 0.25-a0-578-gc91f01c39c (webtiles) character file.

Game seed: 4187258798456587808, levelgen mode: deterministic

598 throwaway1 the Ruffian (level 7, -8/67 HPs)
             Began as a Troll Berserker on Mar 6, 2020.
             Was a Priest of Trog.
             Mangled by an ogre
             ... wielding a +0 giant spiked club
              (13 damage)
             ... on level 5 of the Dungeon.
             The game lasted 00:35:04 (4008 turns).

throwaway1 the Ruffian (Troll Berserker)            Turns: 4008, Time: 00:35:05

Health: -8/67      AC:  7    Str: 28    XL:     7   Next: 17%
Magic:  6/6        EV: 11    Int:  3    God:    Trog [***...]
Gold:   256        SH:  0    Dex:  9    Spells: 6/6 levels left

rFire    . . .     SeeInvis .     - Unarmed
rCold    . . .     Gourm    +   (no shield)
rNeg     . . .     Faith    .   a - +0 animal skin
rPois    .         Spirit   .   (helmet restricted)
rElec    .         Reflect  .   u - +0 cloak
rCorr    .         Harm     .   (gloves unavailable)
MR       .....                  (boots unavailable)
Stlth    +.........             (no amulet)
HPRegen  0.61/turn              (no ring)
MPRegen  0.10/turn              (no ring)

@: no status effects
A: large, unfitting armour, claws 3, fast metabolism 3, gourmand, regeneration
1, shaggy fur 1, tough skin 3
a: Berserk, Trog's Hand, Renounce Religion


You were on level 5 of the Dungeon.
You worshipped Trog.
Trog was most pleased with you.
You were not hungry.

You visited 1 branch of the dungeon, and saw 5 of its levels.

You collected 256 gold pieces.

Inventory:

Hand Weapons
 e - a +0 club
 m - a +0 hand axe
 A - a +0 trident of protection
Missiles
 c - 6 arrows
 d - 89 stones (quivered)
Armour
 a - a +0 animal skin (worn)
 l - a cursed +0 robe
 u - a +0 cloak (worn)
 w - a +0 leather armour
Jewellery
 n - an uncursed ring of protection from magic {unknown}
 y - a cursed ring of teleportation
Scrolls
 h - 4 scrolls of identify {unknown}
 i - a scroll of fog {unknown}
 j - 2 scrolls of amnesia {unknown}
 k - a scroll of blinking {unknown}
 o - 2 scrolls of enchant armour {unknown}
 s - 3 scrolls of remove curse {unknown}
 v - 2 scrolls of teleportation {unknown}
 x - a scroll of magic mapping {unknown}
Potions
 b - a potion of magic {unknown}
 f - a potion of heal wounds {unknown}
 g - 2 potions of flight {unknown}
 p - a potion of invisibility {unknown}
 q - a potion of might {unknown}
 r - a potion of mutation {unknown}
 t - 2 potions of stabbing {unknown}
 B - a potion of brilliance {unknown}
 C - a potion of degeneration {unknown}
Comestibles
 z - 2 rations


   Skills:
 + Level 3.2 Fighting
 + Level 4.0 Dodging
 + Level 1.1 Stealth
 + Level 6.4 Unarmed Combat


You had 6 spell levels left.
You didn't know any spells.
Your spell library was empty.

Dungeon Overview and Level Annotations

Branches:
Dungeon (5/15)
 Temple: D:4-7

Altars:
Dithmenos
Elyvilon
Gozag
Qazlal
Xom
Zin
The Shining One


Innate Abilities, Weirdness & Mutations

You are too large for most types of armour.
You have claws for hands.
Your metabolism is lightning-fast.
You like to eat raw meat.
Your natural rate of healing is unusually fast.
You are covered in fur. (AC +1)
You have extremely tough skin. (AC +3)


Message History

The gnoll sergeant hits you from afar with a +0 trident.
* * * LOW HITPOINT WARNING * * *
You see here a dagger.
Found a whip.
You claw the ogre!
The ogre is moderately wounded.
The ogre hits you with a +0 giant spiked club!!
* * * LOW HITPOINT WARNING * * *
You claw the ogre!
The ogre is almost dead.
The gnoll sergeant hits you from afar with a +0 trident.
* * * LOW HITPOINT WARNING * * *
The ogre closely misses you.
You completely miss the ogre.
The ogre is almost dead.
The gnoll sergeant hits you but does no damage.
You scratch the ogre but do no damage.
The ogre is almost dead.
The ogre hits you with a +0 giant spiked club!
You die...

##.#####$# #.#
#..ggg...# #.#
#.)#####.# #.#
........# #g#
#.# ...<..#.#
#g# #.#
......... #g#
#.#
.........####g#
#.#
......#......O#
#.# ######
.....##..####@#
#.# #..... ....
........#
#.######.....
..)###..#
#............
...#
########.....
##.## #..... #.
######.## #.
#........ ..
#.####.##
#......#


You could see an ogre, a gnoll sergeant and 3 gnolls.

Vanquished Creatures
  2 hounds
  A centaur skeleton (D:4)
  4 orc wizards
  An orc priest (D:4)
  Jessica (D:3)
  2 iguanas
  2 worker ants (D:4)
  10 adders
  2 oozes
  6 worms
  2 leopard geckos
  29 orcs
  4 giant cockroaches
  6 goblins
  6 hobgoblins
  8 jackals
  2 quokkas
  5 bats
  3 frilled lizards
  8 kobolds
  A quokka skeleton (D:4)
  7 rats
112 creatures vanquished.

Notes
Turn   | Place    | Note
-------+----------+-------------------------------------------
     0 | D:1      | throwaway1 the Troll Berserker began the quest for the Orb.
     0 | D:1      | Reached XP level 1. HP: 22/22 MP: 0/0
   546 | D:1      | Reached XP level 2. HP: 29/29 MP: 1/1
  1046 | D:2      | Reached XP level 3. HP: 28/36 MP: 2/2
  1049 | D:2      | Reached skill level 4 in Unarmed Combat
  1327 | D:2      | Reached XP level 4. HP: 44/44 MP: 3/3
  1478 | D:2      | Reached ** piety under Trog
  1499 | D:2      | Found an opulent altar of Gozag.
  1878 | D:2      | Found a glowing golden altar of the Shining One.
  2046 | D:2      | Reached XP level 5. HP: 52/52 MP: 4/4
  2122 | D:3      | Reached skill level 5 in Unarmed Combat
  2224 | D:3      | Found a white marble altar of Elyvilon.
  2303 | D:3      | Noticed Jessica
  2308 | D:3      | Killed Jessica
  2385 | D:3      | Reached XP level 6. HP: 61/61 MP: 5/5
  2457 | D:3      | Reached skill level 1 in Stealth
  2461 | D:3      | Reached *** piety under Trog
  2950 | D:3      | Found a shadowy altar of Dithmenos.
  3121 | D:4      | Noticed an angel
  3122 | D:4      | Found a shimmering altar of Xom.
  3122 | D:4      | Found a glowing silver altar of Zin.
  3153 | D:4      | Found a stormy altar of Qazlal.
  3180 | D:4      | Found an opulent altar of Gozag.
  3396 | D:4      | Reached skill level 6 in Unarmed Combat
  3517 | D:4      | Reached XP level 7. HP: 63/67 MP: 6/6
  3878 | D:5      | Entered Level 5 of the Dungeon
  4008 | D:5      | Mangled by an ogre

Levels and vault maps discovered:
D:1:      lemuel_arrival_river_ford, layout_loops_ring, minmay_pentomino_q2
D:2:      layout_loops_corners, tso_altar, corexii_item_surrounded_by_moat,
          grunt_gozag_breadcrumbs
D:3:      layout_loops_corners, grunt_dithmenos_smoke_and_mirrors,
          elyvilon_altar_1, first_ration, uniq_jessica
D:4:      layout_loops_ring, grunt_temple_overflow_order_and_chaos_1, minitemple
D:5:      layout_loops_ring, minmay_temple_entry_butterflies, uniq_pikel

Skill      XL: |  1  2  3  4  5  6  7 |
---------------+----------------------+-----
Unarmed Combat | 4 5 6 |  6.4
Dodging        | 3 4 |  4.0
Fighting       | 3 |  3.2
Stealth        | 1 |  1.1

Action                   |  1- 3 |  4- 6 |  7- 9 || total
-------------------------+-------+-------+-------++-------
Melee: Unarmed           |    52 |   224 |    39 ||   315
       Punch             |       |     8 |       ||     8
 Stab: Sleeping          |       |     1 |       ||     1
  Eat: Ration            |     3 |     6 |     1 ||    10
Armor: Animal skin       |    25 |    78 |    14 ||   117
Dodge: Dodged            |    30 |   157 |    17 ||   204

Table legend:
 A = Non-vault XP
 B = Vault XP
 C = Vault XP percentage of total XP
 D = Non-vault monster count
 E = Vault monster count
 F = Vault count percentage of total count
                 A         B        C        D         E       F
            +---------+---------+-------+---------+---------+-------
      Total |     817 |      38 |   4.4 |     110 |       2 |   1.8
            +---------+---------+-------+---------+---------+-------
        D:1 |      19 |       1 |   5.0 |      11 |       1 |   8.3
        D:2 |     190 |       0 |   0.0 |      30 |       0 |   0.0
        D:3 |     266 |      37 |  12.2 |      44 |       1 |   2.2
        D:4 |     259 |       0 |   0.0 |      20 |       0 |   0.0
        D:5 |      83 |       0 |   0.0 |       5 |       0 |   0.0
            +---------+---------+-------+---------+---------+-------
